 Dungeon Crawl Stone Soup version 0.19.0-19-g8c6edcc (webtiles) character file.

22151 Janus the Party-goer (level 13, -5/101 HPs)
             Began as a Formicid Fighter on Nov 14, 2016.
             Was a Follower of Uskayaw.
             Slain by a white ugly thing (25 damage)
             ... on level 12 of the Dungeon.
             The game lasted 00:35:47 (10423 turns).

Janus the Party-goer (Formicid Fighter)            Turns: 10423, Time: 00:35:48

Health: -5/101     AC: 22    Str: 24    XL:     13   Next: 25%
Magic:  30/30      EV:  9    Int:  8    God:    Uskayaw [*.....]
Gold:   610        SH: 13    Dex: 19    Spells: 0 memorised, 12 levels left

rFire  + . .     SeeInvis +     h - +7 mace "Tujas" {freeze, rElec rF+ rN+}
rCold  . . .     Gourm    .     C - +6 chain mail of the Untouchables {rElec rPois rCorr}
rNeg   + . .     Faith    .     c - +0 shield
rPois  +         Spirit   .     (helmet unavailable)
rElec  +         Reflect  .     (no cloak)
rCorr  +         Harm     .     o - +2 pair of gloves {archery}
MR     +....                    (no boots)
Stlth  ..........               (no amulet)
                                B - +3 ring of dexterity
                                q - ring of magical power

@: no status effects
A: permanent stasis, dig shafts and tunnels, four strong arms, antennae 3,
talons 1, thin skeletal structure 1, yellow scales 1, blurry vision 2, screaming
1, strong 1, sturdy frame 1
a: Dig, Shaft Self, Stomp, Renounce Religion


You were on level 12 of the Dungeon.
You worshipped Uskayaw.
Uskayaw was aware of your devotion.
You were not hungry.

You visited 2 branches of the dungeon, and saw 13 of its levels.

You collected 610 gold pieces.

Inventory:

Hand Weapons
 h - the +7 mace "Tujas" (weapon) {freeze, rElec rF+ rN+}
   (You found it on level 5 of the Dungeon)

   It has been specially enchanted to freeze those struck by it, causing extra
   injury to most foes and up to half again as much damage against particularly
   susceptible opponents.
   It can also slow down cold-blooded creatures.
   It protects you from fire.
   It insulates you from electricity.
   It protects you from negative energy.
Missiles
 a - a throwing net
 w - 2 tomahawks of returning (quivered)
 y - 7 tomahawks
 I - 4 javelins
Armour
 c - a +0 shield (worn)
 o - a +2 pair of gloves of archery (worn)
 t - a +2 pair of gloves
 C - the +6 chain mail of the Untouchables (worn) {rElec rPois rCorr}
   (You found it on level 5 of the Dungeon)

   It insulates you from electricity.
   It protects you from poison.
   It protects you from acid and corrosion.
Rods
 F - a +4 rod of ignition (10/10)
   (You found it on level 11 of the Dungeon)
Jewellery
 q - a ring of magical power (left hand)
 z - an uncursed ring of magical power
 B - a +3 ring of dexterity (right hand)
 H - an uncursed ring of magical power
Wands
 p - a wand of slowing (27/48)
 E - a wand of iceblast (4/15)
 G - a wand of digging (13/24)
Scrolls
 j - a scroll of recharging
 k - a scroll of enchant weapon
 r - a scroll of blinking {unknown}
 s - 7 scrolls of identify
 v - a scroll of holy word {unknown}
 x - 2 scrolls of remove curse
 J - 3 scrolls of fog {unknown}
Potions
 b - 2 potions of magic
 g - a potion of invisibility
 m - 6 potions of curing
 D - a potion of flight {unknown}
Books
 e - a book of Beasts

   Spells                             Type                      Level
   a - Summon Butterflies             Summoning                    1
   b - Call Canine Familiar           Summoning                    3
   c - Summon Ice Beast               Ice/Summoning                4
   d - Summon Mana Viper              Hexes/Summoning              5
   e - Summon Hydra                   Summoning                    7
Comestibles
 f - 7 bread rations
 i - 10 meat rations
 l - 4 royal jellies
 n - 8 fruits
 u - 4 chunks of flesh
 L - 3 beef jerkies
 P - a slice of pizza


   Skills:
 + Level 9.1 Fighting
   Level 4.2(7.9) Axes
 * Level 10.4(10.7) Maces & Flails
 + Level 8.9 Throwing
 + Level 9.1 Armour
 + Level 9.7 Shields
 * Level 10.7 Invocations


You had 12 spell levels left.
You didn't know any spells.

Dungeon Overview and Level Annotations

Branches:
Dungeon (12/15)            Temple (1/1) D:4            Lair (0/6) D:8
    Orc (0/2) D:10

Altars:
Ashenzari
Cheibriados
Dithmenos
Elyvilon
Fedhas
Gozag
Hepliaklqana
Kikubaaqudgha
Makhleb
Nemelex Xobeh
Okawaru
Qazlal
Ru
Sif Muna
Trog
Uskayaw
Vehumet
Xom
Yredelemnul
Zin
The Shining One

Shops:
D:7 %   D:9 %   D:10 (   D:11 (   D:12 ?}

Portals:
Ice
Cave: D:12

Annotations:
D:3 1 runed door, Sigmund


Innate Abilities, Weirdness & Mutations

You are under a permanent stasis effect.
You can dig through walls and to a lower floor.
Your four strong arms can wield two-handed weapons with a shield.
You have a pair of large antennae on your head. (SInv)
You have sharp toenails.
You have a somewhat thin skeletal structure. (Dex +2, Stealth)
You are partially covered in yellow scales. (AC +2)
Scrolls take you longer to read.
You occasionally shout uncontrollably at your foes.
Your muscles are strong. (Str +2)
Your movements are slightly less encumbered by armour. (ER -2)


Message History

You are too injured to fight recklessly!
You feel much better.
You block the white ugly thing's attack.
You feel much better.
You block the white ugly thing's attack.
You barely miss the white ugly thing. You claw the white ugly thing.
The white ugly thing is lightly wounded.
Throwing (i - inventory. (,) - cycle):
w - 2 tomahawks of returning (quivered)
Press: ? - help, Shift-Dir - straight line, f - white ugly thing
Aim: a white ugly thing (lightly wounded)
You throw a tomahawk of returning.
The tomahawk of returning hits the white ugly thing!
The white ugly thing is heavily wounded.
The tomahawk of returning returns to your pack!
The white ugly thing engulfs you. The white ugly thing freezes you!!
* * * LOW HITPOINT WARNING * * *
The white ugly thing engulfs you.
* * * LOW HITPOINT WARNING * * *
The white ugly thing freezes you!!
You die...

#....##.............##
#....##.##..........##
+....'..##.......[..##
#....#####..........).
###'## #..........##
#.### #########.##
#...# #.# ######'##
###.# #.....@.# #...#
#.....u.# ###.#.###
#.......# #.......#
#.......# #.#.∩.#.#
#.......# #.......#
#.......# ####..#....
#.......# .........##
#.......# #######.##
+......$# #.#


You could see a white ugly thing.

Vanquished Creatures
  Rupert (D:12)
  A hydra (D:12)
  A tengu warrior (D:12)
  Nergalle (D:10)
  The ghost of srifenbyxp the Blocker, a novice HuFi of the Shining One (D:6)
  The ghost of Glaeka the Slasher, a novice HuSk of Zin (D:8)
  3 hill giants
  2 ugly things (D:11)
  A cyclops (D:11)
  Joseph (D:7)
  Maurice (D:10)
  2 centaur skeletons
  A tengu conjurer (D:12)
  2 trolls
  A merfolk (D:11)
  A hornet (D:9)
  A two-headed ogre (D:10)
  4 hippogriffs
  2 wyverns
  22 yaks
  A spriggan (D:11)
  Grum (D:11)
  A human (D:11)
  3 basilisks
  Menkaure (D:5)
  2 hungry ghosts
  4 porcupines
  4 orc warriors
  6 ice beasts
  2 sky beasts (D:10)
  6 black bears
  3 phantoms
  4 ogres
  10 centaurs
  4 wolves (D:11)
  6 crocodiles (D:8)
  4 big kobolds
  6 bullfrogs
  A gnoll sergeant (D:11)
  3 scorpions
  A wyvern skeleton (D:10)
  6 wights
  4 howler monkeys
  5 crimson imps
  A bullfrog skeleton (D:5)
  7 hounds
  A jelly (D:6)
  4 orc priests
  A gnoll shaman (D:6)
  2 iguanas
  10 orc wizards
  3 worker ants
  A hound zombie (D:11)
  A hound skeleton (D:8)
  16 gnolls
  12 adders
  4 river rats
  2 shadow imps
  2 adder zombies
  3 adder skeletons
  A worm (D:5)
  2 dart slugs
  3 leopard geckos
  33 orcs
  5 giant cockroaches
  7 goblins
  5 hobgoblins
  7 jackals
  19 kobolds
  3 quokkas
  2 ball pythons
  5 bats
  7 frilled lizards
  A leopard gecko skeleton (D:6)
  3 rats
311 creatures vanquished.

Vanquished Creatures (others)
  A bush (D:8)
  5 plants (D:8)
6 creatures vanquished.

Grand Total: 317 creatures vanquished

Notes
Turn   | Place    | Note
-------+----------+-------------------------------------------
     0 | D:1      | Janus the Formicid Fighter began the quest for the Orb.
     0 | D:1      | Reached XP level 1. HP: 18/18 MP: 1/1
    83 | D:1      | Reached XP level 2. HP: 24/24 MP: 2/2
   324 | D:1      | Reached skill level 1 in Throwing
   422 | D:1      | Reached XP level 3. HP: 27/29 MP: 3/3
  1256 | D:2      | Found a white marble altar of Elyvilon.
  1310 | D:2      | Found a blossoming altar of Fedhas.
  1342 | D:2      | Found a stormy altar of Qazlal.
  1408 | D:2      | Reached XP level 4. HP: 23/35 MP: 4/4
  1868 | D:3      | Noticed Sigmund
  2161 | D:3      | Reached XP level 5. HP: 41/42 MP: 5/5
  2187 | D:3      | Noticed a big kobold
  2189 | D:3      | Noticed a big kobold
  2196 | D:3      | Killed a big kobold
  2202 | D:3      | Killed a big kobold
  2202 | D:3      | Reached XP level 6. HP: 32/48 MP: 6/6
  2591 | D:3      | Found a runed door.
  2591 | D:3      | Noticed a human
  2594 | D:3      | Found a basalt altar of Yredelemnul.
  2891 | D:4      | Found a staircase to the Ecumenical Temple.
  2901 | Temple   | Entered the Ecumenical Temple
  3159 | D:4      | Found an ancient bone altar of Kikubaaqudgha.
  3692 | D:4      | Found a faded altar of an unknown god.
  3692 | D:4      | Found a hide-covered altar of Uskayaw.
  3697 | D:4      | Found a faded altar of an unknown god.
  3700 | D:4      | Became a worshipper of Uskayaw the Reveler
  3703 | D:4      | Found a faded altar of an unknown god.
  3705 | D:4      | Found a faded altar of an unknown god.
  3804 | D:5      | Entered Level 5 of the Dungeon
  3824 | D:5      | Got a steaming mace
  3825 | D:5      | Identified the +7 mace "Tujas" {freeze, rElec rF+ rN+} (You found it on level 5 of the Dungeon)
  3972 | D:5      | Got a shimmering chain mail
  3983 | D:5      | Identified the +6 chain mail of the Untouchables {rElec rPois rCorr} (You found it on level 5 of the Dungeon)
  4011 | D:5      | Reached * piety under Uskayaw
  4031 | D:5      | Reached ** piety under Uskayaw
  4033 | D:5      | Reached XP level 7. HP: 53/54 MP: 7/7
  4095 | D:5      | Reached *** piety under Uskayaw
  4165 | D:5      | Found a glowing golden altar of the Shining One.
  4187 | D:5      | Reached skill level 1 in Maces & Flails
  4244 | D:5      | Reached skill level 5 in Shields
  4462 | D:5      | Noticed Menkaure
  4469 | D:5      | Killed Menkaure
  4469 | D:5      | Reached XP level 8. HP: 37/61 MP: 8/8
  4469 | D:5      | Reached **** piety under Uskayaw
  4759 | D:6      | Noticed srifenbyxp's ghost (novice HuFi)
  4772 | D:6      | Killed srifenbyxp's ghost
  4772 | D:6      | Reached skill level 5 in Fighting
  4772 | D:6      | Reached skill level 5 in Throwing
  4772 | D:6      | Reached XP level 9. HP: 68/68 MP: 9/9
  4802 | D:6      | Reached skill level 5 in Armour
  4816 | D:6      | Reached ***** piety under Uskayaw
  4892 | D:6      | Reached skill level 1 in Invocations
  5090 | D:6      | Reached skill level 5 in Maces & Flails
  5111 | D:6      | Found a basalt altar of Yredelemnul.
  5119 | D:6      | Got a heavily runed leather armour
  5431 | D:6      | Found an iron altar of Okawaru.
  5802 | D:7      | Found Cuuj Umeka's Food Boutique.
  5812 | D:7      | Noticed Joseph
  5827 | D:7      | Killed Joseph
  5827 | D:7      | Reached XP level 10. HP: 54/76 MP: 13/13
  6093 | D:8      | Got a faintly glowing mace
  6096 | D:8      | Identified the cursed +1 mace of the Curious Eyes {vamp, rPois} (You found it on level 8 of the Dungeon)
  6097 | D:8      | Identified the +1 leather armour of the Beginning {+Blink rN++} (You found it on level 6 of the Dungeon)
  6121 | D:8      | Reached skill level 5 in Invocations
  6124 | D:8      | Found a bloodstained altar of Trog.
  6130 | D:8      | Got a faintly humming chain mail
  6131 | D:8      | Identified the +0 chain mail of Luttom {Dex-2 Slay+3 Stlth+} (You found it on level 8 of the Dungeon)
  6148 | D:8      | Gained mutation: Your muscles are strong. (Str +2) [potion of mutation]
  6148 | D:8      | Gained mutation: Your system is resistant to poisons. (rPois) [potion of mutation]
  6148 | D:8      | Lost mutation: Your system is resistant to poisons. (rPois) [potion of mutation]
  6324 | D:8      | Found a staircase to the Lair.
  6326 | D:8      | Noticed Glaeka's ghost (novice HuSk)
  6346 | D:8      | Killed Glaeka's ghost
  6396 | D:7      | Reached XP level 11. HP: 21/84 MP: 15/15
  7350 | D:8      | Found a burning altar of Makhleb.
  7408 | D:8      | Gained mutation: You have a somewhat thin skeletal structure. (Dex +2, Stealth) [potion of mutation]
  7408 | D:8      | Gained mutation: Your movements are slightly less encumbered by armour. (ER -2) [potion of mutation]
  7408 | D:8      | Gained mutation: Your spells are a little harder to cast, but a little more powerful. [potion of mutation]
  7409 | D:8      | Lost mutation: Your spells are a little harder to cast, but a little more powerful. [potion of mutation]
  7409 | D:8      | Gained mutation: You are partially covered in yellow scales. (AC +2) [potion of mutation]
  7409 | D:8      | Lost mutation: Your muscles are strong. (Str +2) [potion of mutation]
  7410 | D:8      | Gained mutation: Scrolls take you a little longer to read. [potion of mutation]
  7410 | D:8      | Gained mutation: Scrolls take you longer to read. [potion of mutation]
  7410 | D:8      | Gained mutation: You have sharp toenails. [potion of mutation]
  7459 | D:9      | Found Huleyriz's Food Boutique.
  7759 | D:9      | Found a sparkling altar of Nemelex Xobeh.
  7879 | D:9      | Gained mutation: You occasionally shout uncontrollably at your foes. [potion of mutation]
  7879 | D:9      | Gained mutation: Your muscles are strong. (Str +2) [potion of mutation]
  8138 | D:10     | Entered Level 10 of the Dungeon
  8138 | D:10     | Found Myhuasse's Weapon Shop.
  8288 | D:10     | Found a staircase to the Orcish Mines.
  8441 | D:10     | Noticed Maurice
  8448 | D:10     | Killed Maurice
  8594 | D:10     | Noticed Nergalle
  8604 | D:10     | Killed Nergalle
  8697 | D:10     | Reached XP level 12. HP: 88/92 MP: 18/18
  9402 | D:11     | Reached ****** piety under Uskayaw
  9514 | D:11     | Noticed Grum
  9532 | D:11     | Killed Grum
  9739 | D:11     | Found Bov Farghydgh's Weapon Shoppe.
  9899 | D:11     | Reached skill level 10 in Invocations
  9960 | D:12     | Found Ufewke's Magic Scroll Emporium.
 10031 | D:12     | Noticed a five-headed hydra
 10036 | D:12     | Killed a five-headed hydra
 10070 | D:12     | Found a frozen archway.
 10090 | D:12     | Reached skill level 10 in Maces & Flails
 10103 | D:12     | Found Cuarumn's Gadget Boutique.
 10113 | D:12     | Noticed Rupert
 10118 | D:12     | Reached XP level 13. HP: 67/100 MP: 20/20
 10127 | D:12     | Killed Rupert
 10415 | D:12     | HP: 1/101 [white ugly thing (35)]
 10423 | D:12     | Slain by a white ugly thing

Skill      XL: |  1  2  3  4  5  6  7  8  9 10 11 12 13 |
---------------+----------------------------------------+-----
Throwing       | 1 2 3 4 5 6 7 8 |  8.9
Axes           | 3 4 |  4.2
Shields        | 4 5 6 7 8 9 |  9.7
Fighting       | 4 5 6 7 8 9 |  9.1
Maces & Flails | 2 4 5 7 8 10 | 10.4
Armour         | 4 5 6 7 8 9 |  9.1
Invocations    | 4 6 8 10 | 10.7

Action                   |  1- 3 |  4- 6 |  7- 9 | 10-12 | 13-15 || total
-------------------------+-------+-------+-------+-------+-------++-------
Melee: War axe           |   138 |   138 |       |       |       ||   276
       Mace              |       |    13 |   189 |   568 |    32 ||   802
       Kick              |       |       |       |   153 |    17 ||   170
Throw: Tomahawk          |       |       |    22 |    19 |     3 ||    44
Invok: Line Pass         |       |       |       |     1 |       ||     1
       Grand Finale      |       |       |       |     1 |       ||     1
Evoke: Wand              |       |       |       |     1 |       ||     1
  Use: Potion            |       |     3 |     1 |    15 |     3 ||    22
       Scroll            |       |       |       |    18 |       ||    18
 Stab: Paralysed         |       |       |    15 |    45 |     3 ||    63
       Confused          |       |       |       |     1 |       ||     1
       Invisible         |       |       |       |     2 |       ||     2
  Eat: Chunk             |     2 |     7 |     6 |    17 |     1 ||    33
       Beef jerky        |       |     1 |       |       |       ||     1
Armor: Scale mail        |    59 |    63 |       |       |       ||   122
       Chain mail        |       |       |    75 |   209 |    12 ||   296
Dodge: Dodged            |    34 |    50 |    45 |   132 |     8 ||   269
Block: Shield            |    83 |    85 |   104 |   282 |    11 ||   565
